AoeStats
← JAGR | BkB

Baltic

510433224Analyzed
3v3 RM · 3d ago on Oct 1, 2026· 40m 48s· 6 players
Game mode
Random Map
Map size
Normal (6 player)
Population
200
Speed
Normal
Resources
Standard
Victory
Conquest
Starting age
Dark Age
Ending age
Imperial Age
RankedLock teamsTeams togetherTeam positionsShared explorationLock speedFull tech treeHidden civsTurbo modeCheats
Victory
Defeat
🇵🇪 Dravidians · Peru
1488
+11
🇨🇴 Persians · Colombia
1446
+13
🇦🇷 Saracens · Argentina
1298
+20
🇺🇸 Berbers · United States
1403
-16
🇬🇧 Malay · United Kingdom
1378
-15
🇦🇷 Italians · Argentina
1335
-13
Finlinskiboi
5:29 Loom
10:31 Feudal Age
16:34 Wheelbarrow
19:02 Castle Age
17:10 Double-Bit Axe
20:11 Medium Warships
19:33 Demolition Ship
21:25 Medium Warships
23:34 Husbandry
23:42 Scale Barding Armor
23:47 Forging
27:17 Chain Barding Armor
30:45 Bloodlines
God Of The Sea People
5:55 Loom
13:44 Feudal Age
13:33 Man-at-Arms
14:36 Arson
15:11 Horse Collar
20:01 Wheelbarrow
20:16 Double-Bit Axe
25:04 Castle Age
24:07 Gold Mining
26:04 Bow Saw
25:54 Heavy Plow
40:04 Fletching
Alexis
11:33 Feudal Age
12:19 Double-Bit Axe
15:54 Castle Age
13:55 Fletching
16:54 Medium Warships
16:59 Bow Saw
17:03 Bodkin Arrow
17:06 Town Watch
20:45 Ballistics
20:38 Gold Mining
22:24 Loom
26:57 Imperial Age
25:17 Fishing Lines
26:44 Gillnets
27:02 Scale Barding Armor
27:01 Scale Mail Armor
27:12 Forging
28:18 Heavy Warships
29:00 Chemistry
31:33 Chain Mail Armor
31:20 Bracer
31:57 Conscription
32:45 Squires
32:36 Arson
34:51 Plate Mail Armor
34:08 Horse Collar
35:56 Murder Holes
Carmelo maradona
10:19 Feudal Age
14:25 Castle Age
12:58 Double-Bit Axe
19:43 Wheelbarrow
21:23 Horse Collar
24:21 Hand Cart
23:53 Loom
25:41 Scale Barding Armor
25:50 Forging
30:02 Imperial Age
27:55 Chain Barding Armor
28:12 Iron Casting
27:52 Town Watch
30:11 Bloodlines
30:41 Cavalier
32:37 Husbandry
34:16 Plate Barding Armor
34:49 Blast Furnace
34:07 Savar
JAGR | BkB
3:20 Loom
11:16 Feudal Age
13:00 Double-Bit Axe
18:13 Fletching
21:40 Castle Age
21:01 Padded Archer Armor
20:59 Town Watch
22:36 Gold Mining
24:54 Crossbowman
41:32 Imperial Age
40:36 Bow Saw
JAGR | GastonWick
12:04 Feudal Age
14:37 Double-Bit Axe
15:50 Fletching
17:02 Loom
19:38 Castle Age
20:48 Bow Saw
20:31 Gold Mining
20:38 Bodkin Arrow
21:01 Medium Warships
28:51 Horse Collar
32:49 Heavy Plow
35:06 Wheelbarrow
38:57 Imperial Age
37:36 Padded Archer Armor
37:58 Ballistics
38:35 Hand Cart
38:44 Leather Archer Armor
37:53 Crossbowman
38:39 Thumb Ring
40:03 Gold Shaft Mining
40:00 Bracer
40:30 Ring Archer Armor
39:23 Arbalester
40:41 Block Printing
Connection lost

Rejoining the realm…

Still unreachable

The connection could not be restored.

Session expired

The server has moved on; the page needs a fresh start.